 Dungeon Sprint DCSS version 0.17-a0-1262-gd250d98 (webtiles) character file.

1059 Kidiri the Covert (level 8, -5/39 (43) HPs)
             Began as a Spriggan Assassin on June 6, 2015.
             Engulfed by a death drake's foul pestilence (7 damage)
             ... in the Dungeon (Sprint II: "The Violet Keep of Menkaure").
             The game lasted 00:07:45 (1369 turns).

Kidiri the Covert (Spriggan Assassin)               Turns: 1369, Time: 00:07:45

HP:   -5/39 (43)    AC:  5    Str:  7    XL:     8   Next: 6%
MP:   18/19         EV: 30    Int: 11    God:
Gold: 68            SH:  0    Dex: 21    Spells: 6 memorised, 3 levels left

rFire  . . .     SeeInvis +     a - +2 dagger
rCold  . . .     Rnd*Rage +     c - +0 robe
rNeg   . . .     SustAt   .     (shield restricted)
rPois  .         Gourm    .     (helmet restricted)
rElec  .         Spirit   .     o - +1 cloak of Tosas {Slay+2}
rCorr  .         Warding  .     (gloves unavailable)
rMut   .         NoTele   +     (boots unavailable)
MR     +....                    (no amulet)
Stlth  ++++++++..               (no ring)
                                (no ring)

@: lethally poisoned (-5 -> -62), non-regenerating, diseased, slowed, quick,
somewhat resistant to hostile enchantments, extraordinarily stealthy
A: unfitting armour, horns 1, icy blue scales 1, camouflage 1, see invisible,
agile 1, berserk 1, dopey 1, herbivore 3, speed 3, slow metabolism 2
a: no special abilities


You were in the Dungeon.
You were not hungry.

You visited 1 branch You collected 972 gold pieces.
You spent 904 gold pieces at shops.

Inventory:

Hand weapons
 a - a +2 dagger (weapon)
 b - a +0 blowgun
Missiles
 e - 5 poisoned needles
 f - a curare-tipped needle
Armour
 c - a +0 robe (worn)
 d - a +0 cloak
 o - the +1 cloak of Tosas (worn) {Slay+2}
   (You bought it in a shop in the Dungeon)

   It affects your accuracy and damage with ranged weapons and melee attacks
   (+2).
Scrolls
 m - a scroll of blinking
Potions
 h - a potion of curing
 i - a potion of heal wounds
 j - a potion of haste
 k - 2 potions of magic
 l - a potion of berserk rage
Books
 n - a book of Debilitation

   Spells                             Type                      Level
   a - Corona                         Hexes                        1
   b - Slow                           Hexes                        2
   c - Gell's Gravitas                Hexes/Translocation          3
   d - Inner Flame                    Hexes/Fire                   3
   e - Cause Fear                     Hexes                        4
   f - Leda's Liquefaction            Hexes/Earth                  4
Comestibles
 g - a bread ration


   Skills:
 + Level 5.0 Fighting
 * Level 9.5 Short Blades
 + Level 6.7 Throwing
 * Level 11.7 Dodging
 * Level 13.5 Stealth
 + Level 6.9 Spellcasting
 + Level 0.5 Hexes
 + Level 0.8 Translocations
 + Level 0.4 Fire Magic
 + Level 0.3 Earth Magic


You had 3 spell levels left.
You knew the following spells:

 Your Spells              Type           Power        Failure   Level  Hunger
a - Corona                Hex            #......      17%         1    None
b - Slow                  Hex            #.......     24%         2    ##.....
c - Gell's Gravitas       Hex/Tloc       #.........   47%         3    ###....
d - Inner Flame           Hex/Fire       #.......     47%         3    ###....
e - Cause Fear            Hex            #.........   98%         4    ####...
f - Leda's Liquefaction   Hex/Erth       #.........   98%         4    ####...


Dungeon Overview and Level Annotations

Branches:
Dungeon (1/1)

Altars:
Cheibriados
Elyvilon
Fedhas
Gozag
Kikubaaqudgha
Makhleb
Nemelex Xobeh
Okawaru
Qazlal
Ru
Sif Muna
Vehumet
Xom
Yredelemnul
Zin
The Shining One
Beogh
Jiyva
Lugonu

Shops:
D =::!!:[[=![?}(%!

Annotations:
D exclusion: oklob plant, Kirke, Menkaure


Innate Abilities, Weirdness & Mutations

You are tiny and cannot use many weapons and most armour.
You have supernaturally acute eyesight.
You are a herbivore.
You cover ground extremely quickly.
You need consume almost no food.
You have a pair of small horns on your head.
You are partially covered in icy blue scales (AC +1).
Your skin changes colour to match your surroundings (Stealth).
You are agile. (Dex +2)
You tend to lose your temper in combat.
You are dopey. (Int -2)


Message History

The swamp drake breathes noxious fumes at you.
The noxious blast engulfs the spiny frog.
You open the door.
You feel sick. The death drake barely misses you.
The death drake breathes miasma at you. The foul vapour misses you.
Menkaure calls on the powers of darkness!
Your body is wracked with pain!
* * * LOW HITPOINT WARNING * * *
The death drake convulses!
The spiny frog convulses!
You are engulfed in dark miasma.
You are lethally poisoned!
You feel your flesh rotting away!
You feel ill.
* * * LOW HITPOINT WARNING * * *
x2 You feel sick.
The death drake barely misses you.
Found six items.
There is an open door here.
You are engulfed in dark miasma.
You are more poisoned.
You die...

..*,##,,************+**,*,+≈,,≈+,
..*,k#,,*[?)??)!!▓▓,,,*,*,+≈,,≈+,
#.*,8#,,▓$$%!(??(▓▓,⌠,*,*,+≈,,≈+,
+.##.*,=▓%?!??!$$▓▓,,,*,*,+≈,,≈+,
*...#*##▓[(($$[?!▓▓,,,*,*,+≈,,≈+,
##..#*c#▓))%!!)%!▓▓,,,*,*,+≈,,≈+,
.'..#,y#▓!$)((!??▓▓,,,*,*,+≈,,≈+,
,#(.#,h#▓()%)§$§!▓▓,⌠,*,*,*≈,,≈*,
##k^##.#▓!!([[§§@▓▓,,,*,*,*≈,,≈*,
###...##▓▓▓▓▓▓▓§▓▓▓▓+▓*,***≈,,≈**
.§≈≈≈≈≈§≈k≈FkFk§§.≈≈≈▓,,,,,,,,**
..≈#'########+###§≈M≈▓,,,,,,,**
§.≈#_._.....#§§§*#≈≈≈▓,,,,,,**
≈X≈#._._....#≈§§§*###▓****≈**
§§≈#_._._...#≈t§§≈**,,*,,*≈*
§§≈#._._._..#§§§§§≈*,,*,,*≈*
§≈≈#_._._.⌠.#≈≈≈§§≈+,,+,,*≈*


You could see a death drake, 2 spiny frogs, 2 swamp drakes and Menkaure.

Vanquished Creatures
  2 boulder beetles (D)
  2 hippogriffs (D)
  4 necrophages (D)
  A crocodile (D)
  A hell rat (D)
  3 worms (D)
13 creatures vanquished.

Vanquished Creatures (others)
  4 tentacles (D)
4 creatures vanquished.

Grand Total: 17 creatures vanquished

Notes
Turn   | Place    | Note
--------------------------------------------------------------
     0 | D        | Kidiri the Spriggan Assassin began the quest for the Orb.
     0 | D        | Reached XP level 1. HP: 10/10 MP: 2/2
     1 | D        | Noticed a necrophage
     1 | D        | Noticed a necrophage
     1 | D        | Noticed a necrophage
     1 | D        | Noticed a necrophage
    18 | D        | Reached skill level 6 in Stealth
    29 | D        | Reached skill level 1 in Spellcasting
    42 | D        | Reached XP level 2. HP: 1/15 MP: 2/4
   327 | D        | Noticed a hippogriff
   327 | D        | Noticed a hippogriff
   331 | D        | Noticed a boulder beetle
   331 | D        | Noticed a boulder beetle
   337 | D        | Killed a hippogriff
   337 | D        | Reached skill level 5 in Short Blades
   337 | D        | Reached skill level 9 in Stealth
   337 | D        | Reached XP level 3. HP: 18/20 MP: 5/9
   337 | D        | Reached XP level 4. HP: 21/24 MP: 5/10
   337 | D        | Reached XP level 5. HP: 24/28 MP: 5/11
   340 | D        | Killed a hippogriff
   340 | D        | Reached skill level 10 in Stealth
   340 | D        | Reached XP level 6. HP: 27/32 MP: 5/14
   373 | D        | Killed a boulder beetle
   373 | D        | Reached skill level 5 in Throwing
   373 | D        | Reached skill level 11 in Stealth
   373 | D        | Reached skill level 5 in Spellcasting
   425 | D        | Killed a boulder beetle
   425 | D        | Reached skill level 10 in Dodging
   425 | D        | Reached skill level 12 in Stealth
   425 | D        | Reached XP level 7. HP: 36/38 MP: 15/17
   437 | D        | Killed a necrophage
   438 | D        | Killed a necrophage
   438 | D        | Reached skill level 13 in Stealth
   440 | D        | Killed a necrophage
   478 | D        | Killed a necrophage
   478 | D        | Reached skill level 5 in Fighting
   837 | D        | Noticed a flying skull
   837 | D        | Noticed a flying skull
   838 | D        | Noticed a flying skull
   838 | D        | Noticed a flying skull
   838 | D        | Noticed a flying skull
   839 | D        | Noticed a flying skull
   839 | D        | Noticed a flying skull
   839 | D        | Noticed a kraken
   840 | D        | Found Quulebbi's Food Shoppe.
   840 | D        | Found Fypinin's Distillery.
   840 | D        | Noticed Kirke
   840 | D        | Noticed a skeletal warrior
   840 | D        | Noticed a kobold demonologist
   844 | D        | Noticed a flying skull
   844 | D        | Noticed a flying skull
   846 | D        | Noticed a flying skull
   847 | D        | Noticed a flying skull
   847 | D        | Noticed a flying skull
  1103 | D        | Found Oseqo's Antique Weapon Shoppe.
  1103 | D        | Found Esmaus's Magic Scroll Emporium.
  1103 | D        | Found Dolac's Gadget Emporium.
  1103 | D        | Found Nilaxtym's Distillery.
  1103 | D        | Found Zaerriss's Antique Armour Shoppe.
  1104 | D        | Found Puicozyzi's Jewellery Shoppe.
  1104 | D        | Found Womybl Ytyu's Antique Armour Emporium.
  1105 | D        | Found Upuaf's Antique Armour Shoppe.
  1105 | D        | Found Citett's Book Emporium.
  1105 | D        | Noticed a griffon
  1106 | D        | Noticed a griffon
  1107 | D        | Found Ydul Owae's Distillery.
  1107 | D        | Found Lamawuc's Distillery.
  1107 | D        | Noticed a griffon
  1107 | D        | Noticed an oklob plant
  1108 | D        | Found Kuuces's Book Shoppe.
  1108 | D        | Found Jiyti's Jewellery Emporium.
  1108 | D        | Found Gakk's Book Shoppe.
  1121 | D        | Noticed a death yak
  1124 | D        | Bought a potion of mutation for 27 gold pieces
  1124 | D        | Bought a potion of mutation for 27 gold pieces
  1124 | D        | Bought 2 potions of mutation for 55 gold pieces
  1126 | D        | Bought a fine cloak for 275 gold pieces
  1136 | D        | Gained mutation: Your body sometimes deteriorates upon taking damage. [potion of mutation]
  1136 | D        | Gained mutation: You are partially covered in icy blue scales (AC +1). [potion of mutation]
  1136 | D        | Lost mutation: Your body sometimes deteriorates upon taking damage. [potion of mutation]
  1137 | D        | Gained mutation: Your skin changes colour to match your surroundings (Stealth). [potion of mutation]
  1137 | D        | Gained mutation: You are clumsy. (Dex -2) [potion of mutation]
  1137 | D        | Gained mutation: You are dopey. (Int -2) [potion of mutation]
  1138 | D        | Lost mutation: You are clumsy. (Dex -2) [potion of mutation]
  1138 | D        | Gained mutation: You tend to lose your temper in combat. [potion of mutation]
  1138 | D        | Gained mutation: You are agile. (Dex +2) [potion of mutation]
  1139 | D        | Gained mutation: You have a pair of small horns on your head. [potion of mutation]
  1142 | D        | Bought a book of Debilitation for 520 gold pieces
  1144 | D        | Learned a level 1 spell: Corona
  1147 | D        | Learned a level 2 spell: Slow
  1151 | D        | Learned a level 3 spell: Gell's Gravitas
  1155 | D        | Learned a level 3 spell: Inner Flame
  1160 | D        | Learned a level 4 spell: Cause Fear
  1165 | D        | Learned a level 4 spell: Leda's Liquefaction
  1187 | D        | Identified the +1 cloak of Tosas {Slay+2} (You bought it in a shop in the Dungeon)
  1199 | D        | Noticed an electric eel
  1201 | D        | Noticed a hell rat
  1203 | D        | Killed a hell rat
  1210 | D        | Noticed an electric eel
  1214 | D        | Noticed an electric eel
  1217 | D        | Noticed an electric eel
  1217 | D        | Noticed an electric eel
  1217 | D        | Noticed an electric eel
  1217 | D        | Noticed an electric eel
  1218 | D        | Noticed an electric eel
  1218 | D        | Noticed an electric eel
  1220 | D        | Noticed a crocodile
  1227 | D        | Noticed a kraken
  1245 | D        | Killed a crocodile
  1245 | D        | Reached XP level 8. HP: 30/40 MP: 19/19
  1336 | D        | Found a roughly hewn altar of Beogh.
  1336 | D        | Found a deep blue altar of Sif Muna.
  1337 | D        | Found a white marble altar of Elyvilon.
  1337 | D        | Found a snail-covered altar of Cheibriados.
  1337 | D        | Found a sacrificial altar of Ru.
  1338 | D        | Found a corrupted altar of Lugonu.
  1338 | D        | Found a glowing silver altar of Zin.
  1338 | D        | Found a viscous altar of Jiyva.
  1338 | D        | Found a shimmering altar of Xom.
  1339 | D        | Found an iron altar of Okawaru.
  1339 | D        | Found a basalt altar of Yredelemnul.
  1339 | D        | Found a stormy altar of Qazlal.
  1340 | D        | Found an ancient bone altar of Kikubaaqudgha.
  1340 | D        | Found a glowing golden altar of the Shining One.
  1341 | D        | Found a burning altar of Makhleb.
  1341 | D        | Found a blossoming altar of Fedhas.
  1342 | D        | Noticed a swamp drake
  1343 | D        | Noticed a death drake
  1345 | D        | Noticed a spiny frog
  1346 | D        | Noticed a swamp drake
  1347 | D        | Noticed a spiny frog
  1349 | D        | Noticed a crystal guardian
  1349 | D        | Noticed a polar bear
  1351 | D        | Found a sparkling altar of Nemelex Xobeh.
  1351 | D        | Found an opulent altar of Gozag.
  1351 | D        | Found a radiant altar of Vehumet.
  1351 | D        | Noticed a wasp
  1356 | D        | Noticed a yaktaur
  1360 | D        | Noticed a crocodile
  1364 | D        | Noticed Menkaure
  1365 | D        | Noticed a crocodile
  1369 | D        | Engulfed by a death drake's foul pestilence

Vault maps used:
D:        the_violet_keep_of_menkaure

Action                   |  1- 3 |  4- 6 |  7- 9 || total
-------------------------+-------+-------+-------++-------
Melee: Dagger            |    18 |    10 |    62 ||    90
 Fire: Blowgun           |     6 |     1 |     4 ||    11
 Cast: Slow              |       |       |     1 ||     1
  Use: Potion            |       |       |     4 ||     4
       Scroll            |       |       |     1 ||     1
 Stab: Sleeping          |     1 |     3 |     5 ||     9
